 Dungeon Crawl Stone Soup version 0.29.1-2-gbd0b4ee654 (webtiles) character file.

Game seed: 5711669551671099612

42 Icepheonix32 the Trooper (level 3, -1/33 HPs)
             Began as a Minotaur Fighter on Nov 2, 2022.
             Slain by an ogre
             ... wielding a +0 giant club
              (29 damage)
             ... on level 2 of the Dungeon.
             The game lasted 00:00:48 (1083 turns).

Icepheonix32 the Trooper (Minotaur Fighter)         Turns: 1083, Time: 00:00:48

Health: -1/33      AC:  7    Str: 20    XL:     3   Next: 35%
Magic:  2/2        EV:  9    Int:  7    God:
Gold:   44         SH:  4    Dex:  9    Spells: 2/2 levels left

rFire   . . .      SeeInvis .   a - +0 war axe
rCold   . . .      Faith    .   c - +0 buckler
rNeg    . . .      Spirit   .   b - +0 scale mail
rPois   .          Reflect  .   (helmet restricted)
rElec   .          Harm     .   (no cloak)
rCorr   .          Rampage  .   (no gloves)
Will    .....                   (no boots)
Stlth   ..........              (no amulet)
HPRegen 0.11/turn               (no ring)
MPRegen 0.08/turn               (no ring)

@: no status effects
A: horns 2, retaliatory headbutt
a: no special abilities


You were on level 2 of the Dungeon.
You visited 1 branch of the dungeon, and saw 2 of its levels.

You collected 44 gold pieces.

Inventory:

Hand Weapons
 a - a +0 war axe (weapon)
 g - a +1 dagger of freezing
Armour
 b - a +0 scale mail (worn)
 c - a +0 buckler (worn)
Scrolls
 e - 4 scrolls of teleportation {unknown}
 i - a scroll of summoning {unknown}
Potions
 d - a potion of might
 f - a potion of curing {unknown}
 h - a potion of haste {unknown}


   Skills:
 * Level 4.2 Fighting
 + Level 3.1 Axes
 + Level 4.1 Armour
 + Level 4.1 Shields


You had 2 spell levels left.
You didn't know any spells.
Your spell library contained the following spells:

 Spells                   Type           Power      Damage    Failure   Level
 Blink                    Tloc           0%         N/A       95%         2
 Manifold Assault         Tloc           0%         N/A       100%        5
 Storm Form               Tmut/Air       0%         N/A       100%        7


Dungeon Overview and Level Annotations

Branches:
Dungeon (2/15)

Altars:


Innate Abilities, Weirdness & Mutations

You have a pair of horns on your head.
You reflexively headbutt those who attack you in melee.


Message History

A giant cockroach comes into view.
A giant cockroach is nearby!
You slash the giant cockroach!
You kill the giant cockroach!
No target in view!
No target in view!
No target in view!
No target in view!
No target in view!
No target in view!
No target in view!
No target in view!
No target in view!
No target in view!
i - a scroll labelled ANLAEC TEAW An ogre comes into view.
It is wielding a +0 giant club.
The ogre shouts!
A jackal comes into view. 3 jackals come into view.
The jackal barks! x4
You barely miss the jackal. You block the jackal's attack.
A frilled lizard comes into view.
The jackal barely misses you.
You barely miss the jackal.
The frilled lizard hisses angrily.
Your headbutt misses the jackal. The jackal barely misses you.
You furiously retaliate!
You headbutt the jackal, but do no damage.
The frilled lizard unfolds its giant frill.
You block the jackal's attack. The jackal closely misses you.
You barely miss the ogre. You slash the jackal!
You kill the jackal!
You closely miss the jackal. The jackal bites you. The ogre closely misses you.
The jackal bites you but does no damage. x2
You slash the ogre!
The ogre is moderately wounded.
You hit the jackal. x2; The jackal bites you.
You block the jackal's attack.
The ogre hits you with a +0 giant club!!
Ouch! That really hurt!
You die...

#............#
###..##
#............#
#......
#............#
#......
#............#
#......
#............####
#......
#...............##
#......
#.................
#......
#.................
#......
##########@O......
#......
......hhh....##
#......
.............#
#......
....l........#
#######
.............#
.............#
.............#
........######


You could see an ogre, 3 jackals and a frilled lizard.

Vanquished Creatures
  A worm (D:2)
  A ball python (D:1)
  7 endoplasms
  2 giant cockroaches (D:2)
  5 goblins
  4 hobgoblins
  3 jackals
  4 kobolds
  A quokka (D:1)
  A frilled lizard (D:1)
  2 rats
31 creatures vanquished.

Notes
Turn   | Place    | Note
-------+----------+-------------------------------------------
     0 | D:1      | Icepheonix32 the Minotaur Fighter began the quest for the
                  | Orb.
     0 | D:1      | Reached XP level 1. HP: 19/19 MP: 0/0
   145 | D:1      | Reached XP level 2. HP: 19/27 MP: 1/1
   486 | D:1      | Found a faded altar of an unknown god.
   843 | D:2      | Reached XP level 3. HP: 31/33 MP: 2/2
  1078 | D:2      | Noticed an ogre
  1083 | D:2      | Slain by an ogre

Illustrated notes

Levels and vault maps discovered:
D:1:      minmay_arrival_three_doors, layout_rooms,
          ebering_ecumenical_altar_rust
D:2:      layout_basic

Skill      XL: |  1  2  3 |
---------------+----------+-----
Fighting       | 4 |  4.2
Armour         | 4 |  4.1
Shields        | 4 |  4.1
Axes           | 3 |  3.1

Action                   || total
-------------------------++-------
Melee: War axe           ||    68
       Headbutt          ||     8
Armor: Scale mail        ||    36
Dodge: Dodged            ||    33
Block: Buckler           ||    17
